[Event "Titled Tuesday Blitz May 24 Late 2022"]
[White "Tanenbaum, Zachary"]
[Black "Papp, Petra"]
[WhiteFideId "2060850"]
[BlackFideId "739049"]
[WhiteElo "2168"]
[BlackElo "2259"]
[Result "1-0"]
[Round "04"]
[TimeControl "180+1"]
[Date "2022.05.25"]
[WhiteClock "0:00:11"]
[BlackClock "0:00:01"]

1. e4 c5 2. Nf3 d6 3. d4 cxd4 4. Nxd4 Nf6 5. Nc3 a6 6. Be3 e5 7. Nb3 Be7 8. h3 O-O 9. f4 a5 10. Bb5 exf4 11. Bxf4 Nc6 12. Qe2 Bd7 13. O-O-O Re8 14. Bxd6 Bxd6 15. Rxd6 Qb6 16. Qd2 Be6 17. e5 Nd7 18. Bxc6 bxc6 19. Rxd7 Bxd7 20. Qxd7 Rxe5 21. Qd4 Qc7 22. Rd1 Rae8 23. Qd6 Qb6 24. Nd4 h6 25. Qxc6 Qb4 26. a3 Qe7 27. Qc4 Rc5 28. Qd3 Rec8 29. Nf5 Qg5+ 30. Ne3 g6 31. Kb1 Rb8 32. Ne4 Qe5 33. Qd4 Rcb5 34. Qxe5 Rxe5 35. Ng4 Re7 36. Ngf6+ Kg7 37. c4 Reb7 38. Rd2 g5 39. Rc2 Kg6 40. c5 Kf5 41. Nd6+ Kxf6 42. Nxb7 Rxb7 43. c6 Rc7 44. b4 axb4 45. axb4 Rc8 46. b5 Ke6 47. b6 Kd6 48. c7 1-0


[Site "https://www.chess.com"]

[Event "Titled Tuesday Blitz May 24 Late 2022"]
[White "Tarigan, Gilbert Elroy"]
[Black "Bluebaum, Matthias"]
[WhiteFideId "7108133"]
[BlackFideId "24651516"]
[WhiteElo "1908"]
[BlackElo "2556"]
[Result "1/2-1/2"]
[Round "04"]
[TimeControl "180+1"]
[Date "2022.05.24"]
[WhiteClock "0:00:02"]
[BlackClock "0:00:14"]

1. d4 Nf6 2. c4 e6 3. Nf3 d5 4. g3 Bb4+ 5. Bd2 a5 6. Bg2 O-O 7. Qc2 c5 8. cxd5 cxd4 9. Nxd4 Qb6 10. e3 exd5 11. O-O Nc6 12. Nxc6 bxc6 13. Rc1 Rb8 14. Nc3 Be6 15. Na4 Qa7 16. Nc5 Bg4 17. h3 Bh5 18. Bxb4 Rxb4 19. b3 Bg6 20. Qd2 h5 21. Nd3 Bxd3 22. Qxd3 Qb6 23. Rc2 h4 24. g4 a4 25. bxa4 Rxa4 26. Rac1 Rc8 27. Qf5 Rc7 28. Qg5 Qa6 29. Qxh4 Rxa2 30. Rxa2 Qxa2 31. g5 Nd7 32. g6 Nf6 33. Qf4 Qa7 34. gxf7+ Kf8 35. Qd6+ Kxf7 36. Rxc6 Rxc6 37. Qxc6 Qa1+ 38. Kh2 Qe5+ 39. Kg1 Qa1+ 40. Kh2 Qe5+ 41. f4 Qxe3 42. Bxd5+ Kg6 43. Bg2 Qxf4+ 44. Kh1 Kh6 45. Qf3 Qc1+ 46. Qf1 Qc7 47. Qa6 Qe5 48. Kg1 g6 49. Qd3 Nh5 50. Qf3 Nf4 51. Bf1 Qd4+ 52. Qf2 Qe5 53. Qf3 Qf5 54. Kh1 Qg5 55. Qg4 Qf6 56. Qf3 Qe5 57. Kg1 1/2-1/2


[Site "https://www.chess.com"]

[Event "Titled Tuesday Blitz May 24 Late 2022"]
[White "Toncheva, Nadya"]
[Black "Burke, Paul"]
[WhiteFideId "2924056"]
[BlackFideId "2605767"]
[WhiteElo "1888"]
[BlackElo "1845"]
[Result "1-0"]
[Round "04"]
[TimeControl "180+1"]
[Date "2022.05.25"]
[WhiteClock "0:01:46"]
[BlackClock "0:00:48"]

1. e4 e5 2. Nf3 Nc6 3. Bc4 Be7 4. d4 exd4 5. c3 d6 6. cxd4 Nf6 7. Nc3 O-O 8. h3 Nxe4 9. Nxe4 d5 10. Bd3 dxe4 11. Bxe4 f5 12. Bxc6 bxc6 13. Qb3+ Kh8 14. O-O Ba6 15. Re1 Rb8 16. Qc2 Bf6 17. Be3 Qd5 18. b3 f4 19. Bxf4 Bxd4 20. Bxc7 Rbc8 21. Nxd4 Rxc7 22. Ne6 Rcf7 23. Nxf8 Rxf8 24. Rad1 Qf7 25. Re3 1-0


[Site "https://www.chess.com"]

[Event "Titled Tuesday Blitz May 24 Late 2022"]
[White "Torres Hernandez, Leslie Carolin"]
[Black "Francisco Guecamburu, Candela Be"]
[WhiteFideId "8400504"]
[BlackFideId "160911"]
[WhiteElo "1920"]
[BlackElo "1847"]
[Result "0-1"]
[Round "04"]
[TimeControl "180+1"]
[Date "2022.05.25"]
[WhiteClock "0:01:30"]
[BlackClock "0:02:29"]

1. e4 c5 2. Nf3 g6 3. c3 d5 4. exd5 Qxd5 5. d4 Bg7 6. Bb5+ Bd7 7. Bxd7+ Nxd7 8. O-O Ngf6 9. dxc5 Qxc5 10. Be3 Qc7 11. Na3 O-O 12. Nb5 Qa5 13. a4 a6 14. Na3 Rfd8 15. Qc2 Rac8 16. Qb3 Nd5 17. Bd4 e5 18. Nc4 Qc7 0-1


[Site "https://www.chess.com"]

[Event "Titled Tuesday Blitz May 24 Late 2022"]
[White "Vasquez Schroeder, Rodrigo"]
[Black "Jeet, Jain"]
[WhiteFideId "3400042"]
[BlackFideId "5073022"]
[WhiteElo "2567"]
[BlackElo "2028"]
[Result "1-0"]
[Round "04"]
[TimeControl "180+1"]
[Date "2022.05.24"]
[WhiteClock "0:01:21"]
[BlackClock "0:00:12"]

1. e4 d5 2. exd5 Qxd5 3. Nc3 Qd6 4. g3 Nf6 5. Bg2 e5 6. d3 Nc6 7. h3 Bd7 8. Nf3 O-O-O 9. O-O h6 10. Nd2 Nd4 11. Nc4 Qe6 12. Re1 Bd6 13. f4 Bc5 14. Kh2 Nc6 15. fxe5 Nh7 16. Ne4 Bb6 17. Ned2 Ng5 18. h4 Nh3 19. Nxb6+ axb6 20. Qf3 g5 21. d4 g4 22. Qe4 Nf2 23. Qe3 Nh3 24. d5 Qf5 25. dxc6 Bxc6 26. Ne4 Qxe5 27. Qc3 Qf5 28. Rf1 Qe6 29. Rf6 Qe7 30. Rxc6 bxc6 31. Qxc6 f5 32. Nc3 f4 33. Qa8+ Kd7 34. Qa4+ Ke6 35. Bxf4 Kf7 36. Qc4+ Kg7 37. Rf1 Rhf8 38. Nd5 Qd7 39. Qc3+ Kg8 40. Nf6+ Rxf6 41. Qxf6 1-0


[Site "https://www.chess.com"]

[Event "Titled Tuesday Blitz May 24 Late 2022"]
[White "Vega Gutierrez, Sabrina"]
[Black "Djokic, Mihailo"]
[WhiteFideId "2219026"]
[BlackFideId "976440"]
[WhiteElo "2286"]
[BlackElo "2202"]
[Result "0-1"]
[Round "04"]
[TimeControl "180+1"]
[Date "2022.05.25"]
[WhiteClock "0:00:01"]
[BlackClock "0:00:21"]

1. e4 c5 2. Nf3 d6 3. d4 cxd4 4. Qxd4 a6 5. Be2 Nc6 6. Qe3 g6 7. O-O Bg7 8. h3 Nf6 9. Rd1 Qc7 10. c4 O-O 11. Nc3 Be6 12. Nd5 Bxd5 13. exd5 Nb4 14. Nd4 a5 15. a3 Na6 16. Nb5 Qd7 17. Bd2 a4 18. Bc3 Rfe8 19. Qb6 Qd8 20. Qxd8 Rexd8 21. Re1 Nc5 22. Bf3 Kf8 23. Rad1 Rdc8 24. g4 Ne8 25. Bxg7+ Nxg7 26. Rd4 g5 27. Bd1 h6 28. Kg2 Ne8 29. f4 f6 30. fxg5 hxg5 31. Kg3 Nd7 32. Be2 Ne5 33. h4 gxh4+ 34. Kxh4 Rc5 35. Kg3 Rac8 36. Rh1 Kg7 37. Nc3 Nxc4 38. Nxa4 R5c7 0-1


[Site "https://www.chess.com"]

[Event "Titled Tuesday Blitz May 24 Late 2022"]
[White "Veiga, Emerson de Sousa"]
[Black "Gomez Dieguez, David"]
[WhiteFideId "2151898"]
[BlackFideId "22223630"]
[WhiteElo "2034"]
[BlackElo "2115"]
[Result "1-0"]
[Round "04"]
[TimeControl "180+1"]
[Date "2022.05.25"]
[WhiteClock "0:00:58"]
[BlackClock "0:00:47"]

1. e4 c6 2. d4 d5 3. exd5 cxd5 4. c4 Nf6 5. Nc3 Nc6 6. Nf3 a6 7. Bd3 dxc4 8. Bxc4 Bg4 9. O-O e6 10. h3 Bh5 11. d5 Ne5 12. Qa4+ b5 13. Nxb5 Nxf3+ 14. gxf3 axb5 15. Bxb5+ Nd7 16. Bxd7+ Ke7 17. d6+ Kxd6 18. Rd1+ Ke7 19. Qb4+ Kf6 20. Qh4+ Kg6 21. Qg3+ Kf5 22. Qf4+ Kg6 23. Qg3+ Kf5 24. Rd5+ 1-0


[Site "https://www.chess.com"]

[Event "Titled Tuesday Blitz May 24 Late 2022"]
[White "Wachinger, Guenther"]
[Black "Taboas Rodriguez, Daniel"]
[WhiteFideId "4604261"]
[BlackFideId "2208466"]
[WhiteElo "2212"]
[BlackElo "2429"]
[Result "0-1"]
[Round "04"]
[TimeControl "180+1"]
[Date "2022.05.25"]
[WhiteClock "0:00:30"]
[BlackClock "0:02:08"]

1. e4 e6 2. d4 d5 3. Nd2 Nc6 4. Ngf3 Nf6 5. e5 Ne4 6. Bb5 Bd7 7. Qe2 Nxd2 8. Bxd2 a6 9. Bd3 Nb4 10. Bxb4 Bxb4+ 11. c3 Be7 12. h4 c5 13. g3 Qb6 14. O-O Bb5 15. a4 Bxd3 16. Qxd3 h6 17. dxc5 Bxc5 18. b4 Be7 19. Nd4 Rc8 20. Rfc1 Rc4 21. a5 Qc7 22. f4 Bxb4 23. Kg2 Bxc3 24. Nxe6 fxe6 25. Qg6+ Qf7 0-1


[Site "https://www.chess.com"]

[Event "Titled Tuesday Blitz May 24 Late 2022"]
[White "Wachinger, Nikolas"]
[Black "Mickiewicz, Piotr"]
[WhiteFideId "12962791"]
[BlackFideId "1114891"]
[WhiteElo "2227"]
[BlackElo "2223"]
[Result "0-1"]
[Round "04"]
[TimeControl "180+1"]
[Date "2022.05.25"]
[WhiteClock "0:00:04"]
[BlackClock "0:00:41"]

1. d4 d5 2. Nf3 Nf6 3. Bf4 c5 4. e3 Nc6 5. Nbd2 cxd4 6. exd4 Bg4 7. c3 e6 8. Qb3 Qc8 9. h3 Bh5 10. Bd3 Be7 11. O-O Bg6 12. Bxg6 hxg6 13. Rfe1 O-O 14. Qb5 a6 15. Qd3 b5 16. g3 b4 17. Rac1 Qb7 18. h4 Rac8 19. Ne5 bxc3 20. bxc3 Nxe5 21. dxe5 Nd7 22. c4 Nc5 23. Qf3 Rfd8 24. cxd5 Qxd5 25. Qxd5 Rxd5 26. Nb3 Rcd8 27. Nxc5 Bxc5 28. Rc2 Bd4 29. Kg2 Rb8 30. Re4 Ba1 31. Ra4 a5 32. Re4 Rb2 33. Rxb2 Bxb2 34. Kf3 Rd3+ 35. Re3 Rd5 36. Re2 Bc3 37. Kg2 Kf8 38. Re3 Bb4 39. Rb3 Ke8 40. Kf3 Kd7 41. a3 Be7 42. Rb7+ Kd8 43. a4 Rd4 44. Bg5 f6 45. exf6 gxf6 46. Be3 Rxa4 47. Bb6+ Ke8 48. Ra7 Ra3+ 49. Ke2 Ra2+ 50. Kf3 a4 51. Bd4 e5 52. Bc3 Ra3 53. Ke4 Rxc3 54. Kd5 Rd3+ 55. Kc4 Rd4+ 56. Kc3 Kf7 0-1


[Site "https://www.chess.com"]

[Event "Titled Tuesday Blitz May 24 Late 2022"]
[White "Wesolowska, Hanna"]
[Black "Suder, Jakub"]
[WhiteFideId "1104683"]
[BlackFideId "1195310"]
[WhiteElo "2402"]
[BlackElo "2058"]
[Result "0-1"]
[Round "04"]
[TimeControl "180+1"]
[Date "2022.05.25"]
[WhiteClock "0:01:42"]
[BlackClock "0:01:09"]

1. e4 c5 2. Nc3 e6 3. g3 d5 4. Bg2 d4 5. Nce2 e5 6. d3 Nc6 7. f4 exf4 8. Bxf4 Bd6 9. Nf3 Nge7 10. O-O Ng6 11. Bxd6 Qxd6 12. Qd2 O-O 13. Rae1 Bg4 14. Nf4 Nxf4 15. Qxf4 Qxf4 16. gxf4 Bxf3 17. Bxf3 Nb4 18. a3 Nxc2 19. Rc1 Ne3 20. Rxc5 Nxf1 21. Kxf1 Rac8 22. Rd5 Rfd8 23. Rb5 b6 24. a4 Rc1+ 25. Kg2 Rc2+ 26. Kg3 Rd2 27. Rb3 Kf8 28. e5 Ke7 29. Be4 h5 30. a5 bxa5 31. Rb7+ Rd7 32. Rb5 Rc7 33. Rd5 Rxb2 34. Rxd4 Rb4 35. Rd5 Ra4 36. f5 Rd7 37. Rb5 h4+ 38. Kf3 h3 39. Kg3 Ra1 40. Kxh3 a4 41. Ra5 a3 42. Ra6 a2 43. e6 fxe6 44. fxe6 Rc7 45. d4 Re1 46. d5 Rc3+ 47. Kg2 a1=Q 48. d6+ Kxe6 49. Rxa1 Rxa1 50. d7 Ra2+ 0-1


[Site "https://www.chess.com"]

[Event "Titled Tuesday Blitz May 24 Late 2022"]
[White "Wieczorek, Oskar"]
[Black "Yedidia, Daniel"]
[WhiteFideId "1133950"]
[BlackFideId "30905907"]
[WhiteElo "2330"]
[BlackElo "2576"]
[Result "1-0"]
[Round "04"]
[TimeControl "180+1"]
[Date "2022.05.24"]
[WhiteClock "0:00:24"]
[BlackClock "0:00:05"]

1. e4 e5 2. Nf3 Nc6 3. Nc3 Nf6 4. h3 Be7 5. d4 exd4 6. Nxd4 O-O 7. Bb5 Re8 8. O-O Bc5 9. Nxc6 dxc6 10. Qxd8 Rxd8 11. Bd3 h6 12. e5 Nd5 13. Ne4 Bd4 14. a3 Bxe5 15. Re1 Bf4 16. h4 b6 17. g3 Bxc1 18. Raxc1 Be6 19. f4 c5 20. Kf2 Bd7 21. c4 Nf6 22. Nxf6+ gxf6 23. Be4 Rab8 24. Bd5 c6 25. Bf3 Kf8 26. g4 f5 27. g5 hxg5 28. fxg5 Rbc8 29. Red1 Be6 30. Ke3 Rxd1 31. Rxd1 Bxc4 32. Rd7 a5 33. Rb7 b5 34. h5 b4 35. h6 Bd5 36. g6 Kg8 37. Bh5 fxg6 38. Bxg6 c4 39. axb4 axb4 40. Rxb4 Bf7 41. Bxf5 Re8+ 42. Kf4 Re1 43. Rb8+ Be8 44. Bg6 1-0


[Site "https://www.chess.com"]

[Event "Titled Tuesday Blitz May 24 Late 2022"]
[White "Wu, Derek"]
[Black "Blackman, Justin"]
[WhiteFideId "30914558"]
[BlackFideId "11100516"]
[WhiteElo "2071"]
[BlackElo "2112"]
[Result "1-0"]
[Round "04"]
[TimeControl "180+1"]
[Date "2022.05.25"]
[WhiteClock "0:00:20"]
[BlackClock "0:00:11"]

1. e4 e5 2. Nf3 Nc6 3. d4 exd4 4. Nxd4 Bc5 5. Nb3 Bb6 6. Nc3 Nf6 7. Bg5 h6 8. Bh4 d6 9. Bd3 Be6 10. Qd2 Ne5 11. O-O-O Ng6 12. Bg3 Qe7 13. f4 Bg4 14. Rde1 O-O-O 15. h3 Bd7 16. Bh2 h5 17. e5 dxe5 18. fxe5 Ng8 19. Nd5 Qe8 20. c4 Be6 21. Qc3 Bxd5 22. cxd5 Rxd5 23. e6 Nf6 24. exf7 Qxf7 25. Bc4 Rhd8 26. Bxd5 Rxd5 27. Kb1 Ne7 28. Rhf1 Nf5 29. Re5 Rxe5 30. Qxe5 Nd6 31. Rc1 Kb8 32. Ka1 a6 33. Nc5 Bxc5 34. Qxc5 Nfe4 35. Qd4 Qf5 36. Bg1 b6 37. Qd3 Kb7 38. Qc2 Qd7 39. Rd1 Qe6 40. Bd4 g5 41. Rc1 Qd7 42. Qe2 g4 43. hxg4 hxg4 44. Be5 Qf5 45. Qc2 Qd7 46. Qd3 Qe6 47. Bf4 Nc5 48. Qd1 Nc4 49. Qe1 Qf5 50. Rxc4 Nd3 51. Qe4+ Qxe4 52. Rxe4 1-0


[Site "https://www.chess.com"]

[Event "Titled Tuesday Blitz May 24 Late 2022"]
[White "Yaksin, Oleg"]
[Black "Darini, Pouria"]
[WhiteFideId "24105880"]
[BlackFideId "12502200"]
[WhiteElo "2256"]
[BlackElo "2483"]
[Result "0-1"]
[Round "04"]
[TimeControl "180+1"]
[Date "2022.05.24"]
[WhiteClock "0:00:04"]
[BlackClock "0:00:12"]

1. d4 Nf6 2. c4 g6 3. g3 Bg7 4. Bg2 c6 5. Nf3 O-O 6. O-O d5 7. cxd5 cxd5 8. Ne5 Nfd7 9. f4 Nb6 10. Nc3 Nc6 11. Be3 Bf5 12. Bf2 Rc8 13. Rc1 f6 14. Nxc6 Rxc6 15. Qb3 Be6 16. Nb5 Nc4 17. Rfd1 Rb6 18. e4 Nd6 19. a4 a6 20. exd5 Bd7 21. Be1 axb5 22. Ba5 f5 23. Qb4 Nc8 24. d6 exd6 25. Bd5+ Kh8 26. Rc2 bxa4 27. Rxc8 Rxb4 28. Rxd8 Rxd8 29. Bxb4 Bc6 30. Bc4 b5 31. Bd3 Bd5 32. Bf1 Bc4 33. Bxc4 bxc4 34. Bc3 d5 35. Ra1 Ra8 36. Kf2 Kg8 37. Ke2 Kf7 38. Kd2 Ke6 39. Kc2 Kd7 40. Re1 Bf6 41. Ra1 h5 42. h4 Be7 43. Ra2 Bd6 44. Ra1 Bf8 45. Ra2 Kc6 46. Ra1 Bd6 47. Ra2 Kb5 48. Ra1 Re8 49. Kd2 Re4 50. Ra2 Be7 51. Ra1 Bf6 52. Re1 Bxd4 53. Bxd4 Rxd4+ 54. Kc2 Re4 55. Rd1 d4 56. Rd2 Kb4 57. Rd1 d3+ 58. Kb1 Re2 59. Rc1 Rg2 60. Rc3 Rg1+ 61. Ka2 Re1 0-1


[Site "https://www.chess.com"]

[Event "Titled Tuesday Blitz May 24 Late 2022"]
[White "Yanayt, Eugene"]
[Black "Skliarov, Viktor"]
[WhiteFideId "2020165"]
[BlackFideId "14106736"]
[WhiteElo "2046"]
[BlackElo "2229"]
[Result "1-0"]
[Round "04"]
[TimeControl "180+1"]
[Date "2022.05.25"]
[WhiteClock "0:00:14"]
[BlackClock "0:00:03"]

1. c4 e5 2. g3 Nf6 3. Bg2 c6 4. a3 d5 5. d4 dxc4 6. dxe5 Qxd1+ 7. Kxd1 Ng4 8. Nh3 Nxe5 9. a4 Na6 10. Bf4 Ng6 11. Na3 Bxh3 12. Bxh3 Nxf4 13. gxf4 Rd8+ 14. Kc2 Nb4+ 15. Kc3 Nd5+ 16. Kxc4 Nxf4 17. Bg4 Be7 18. Rhd1 O-O 19. e3 Nd5 20. a5 b5+ 21. Kb3 a6 22. Bf3 Nb4 23. Nc2 Nxc2 24. Kxc2 Bf6 25. Rac1 c5 26. Bb7 Rb8 27. Bxa6 Ra8 28. Rd6 Rfb8 29. Rcd1 h5 30. Rc6 c4 31. Rd7 Kf8 32. Bb7 Rxa5 33. Rcc7 h4 34. Rxf7+ Kg8 35. Bd5 Kh7 36. Rxf6 Kh8 37. Rf4 Rb6 38. Rf8+ Kh7 39. Be4+ Kh6 40. Rc5 g5 41. Rf7 Re6 42. Rh7# 1-0


[Site "https://www.chess.com"]

[Event "Titled Tuesday Blitz May 24 Late 2022"]
[White "Zamorano, Jorge"]
[Black "Yurovskykh, Oleksandr"]
[WhiteFideId "173770"]
[BlackFideId "14134020"]
[WhiteElo "2331"]
[BlackElo "2292"]
[Result "1/2-1/2"]
[Round "04"]
[TimeControl "180+1"]
[Date "2022.05.25"]
[WhiteClock "0:00:07"]
[BlackClock "0:00:09"]

1. e4 d5 2. exd5 Qxd5 3. Nc3 Qd8 4. g3 Nf6 5. Bg2 c6 6. Nge2 Bf5 7. b4 a6 8. Rb1 e6 9. a4 Be7 10. O-O O-O 11. b5 axb5 12. axb5 Qc7 13. h3 h6 14. d3 Rd8 15. Bf4 Bd6 16. Qd2 Bxf4 17. Qxf4 Qxf4 18. Nxf4 Nd5 19. bxc6 bxc6 20. Ncxd5 cxd5 21. Ne2 Nc6 22. Rb6 Rac8 23. Ra1 Ne5 24. Nd4 Bg6 25. f4 Nd7 26. Rb7 Nc5 27. Rba7 Rd7 28. Kf2 Rxa7 29. Rxa7 f6 30. Ke3 Bf7 31. Nf3 Rb8 32. Kd4 Nb7 33. Ra6 Rc8 34. Rb6 Nd8 35. Rb2 Nc6+ 36. Ke3 Ne7 37. g4 h5 38. g5 Nf5+ 39. Kd2 Rc7 40. h4 Be8 41. Bh3 Bg6 42. Rb6 Kf7 43. Bxf5 Bxf5 44. Nd4 fxg5 45. fxg5 g6 46. Nf3 Ra7 47. Ne5+ Kf8 48. c4 dxc4 49. dxc4 Ra2+ 50. Ke3 Rc2 51. c5 Ke8 52. Kd4 Rc1 53. Rb8+ Ke7 54. Rb7+ Kd8 55. c6 Kc8 56. Rg7 Rc2 57. Nc4 e5+ 58. Kd5 Be6+ 59. Kxe6 Rxc4 60. Kd5 Rd4+ 61. Kxe5 Rxh4 62. Rxg6 Rc4 63. Kd5 Rc1 64. Rg7 h4 65. Rh7 Rg1 66. Kd6 Rd1+ 67. Kc5 Rg1 68. Kd5 Rxg5+ 69. Kd6 Rg6+ 70. Kd5 Rg1 71. Rxh4 Rd1+ 72. Kc5 Rc1+ 73. Kd6 Rd1+ 74. Kc5 Rc1+ 75. Rc4 Rxc4+ 76. Kxc4 Kc7 77. Kc5 Kc8 78. c7 Kxc7 1/2-1/2


[Site "https://www.chess.com"]

[Event "Titled Tuesday Blitz May 24 Late 2022"]
[White "Zherebtsova, Alexandra"]
[Black "Winkels, Marcel"]
[WhiteFideId "24129518"]
[BlackFideId "1003887"]
[WhiteElo "2025"]
[BlackElo "1900"]
[Result "0-1"]
[Round "04"]
[TimeControl "180+1"]
[Date "2022.05.25"]
[WhiteClock "0:00:03"]
[BlackClock "0:00:30"]

1. d4 Nf6 2. c4 g6 3. Nc3 Bg7 4. e4 d6 5. Be2 O-O 6. Be3 c6 7. h3 e5 8. d5 cxd5 9. cxd5 Ne8 10. g4 f5 11. gxf5 gxf5 12. exf5 Bxf5 13. Bg4 Qd7 14. Nge2 Na6 15. Ng3 Bxg4 16. hxg4 e4 17. Ncxe4 Nf6 18. Nxf6+ Bxf6 19. Bd4 Nb4 20. Bxf6 Rae8+ 21. Kf1 Rxf6 22. Nf5 Qb5+ 23. Kg1 Qxd5 24. Qxd5+ Nxd5 25. Rd1 Nf4 26. Kh2 Re2 27. Kg3 Ng6 28. Rhe1 Rxe1 29. Rxe1 d5 30. Rd1 Rb6 31. b3 Ra6 32. Rxd5 Rxa2 33. Rd8+ Kf7 34. Rd7+ Ke6 35. Rxb7 a5 36. Rxh7 Ne5 37. Rb7 Rb2 38. f3 a4 39. b4 a3 40. b5 a2 41. Ra7 Nc4 42. Ra4 Nd2 43. b6 Nb3 44. b7 a1=Q 0-1


[Site "https://www.chess.com"]

[Event "Titled Tuesday Blitz May 24 Late 2022"]
[White "Zhigalko, Sergei"]
[Black "Livaic, Leon"]
[WhiteFideId "13502956"]
[BlackFideId "14531534"]
[WhiteElo "2662"]
[BlackElo "2540"]
[Result "1-0"]
[Round "04"]
[TimeControl "180+1"]
[Date "2022.05.24"]
[WhiteClock "0:00:04"]
[BlackClock "0:00:07"]

1. e4 e5 2. Nf3 Nc6 3. Bc4 Bc5 4. b4 Bb6 5. a4 a6 6. Nc3 Nf6 7. Nd5 Nxd5 8. exd5 Nd4 9. d6 cxd6 10. a5 Ba7 11. Nxd4 Bxd4 12. Qf3 Qf6 13. Qxf6 gxf6 14. c3 Ba7 15. d4 b5 16. axb6 Bxb6 17. Be3 Bb7 18. Rg1 d5 19. Bd3 e4 20. Be2 f5 21. Kd2 Ke7 22. Ra2 Bc7 23. g3 Rhg8 24. Rga1 Rg6 25. h4 h6 26. h5 Rf6 27. Bf4 Bxf4+ 28. gxf4 Rb6 29. b5 a5 30. Rxa5 Rg8 31. Ke3 Rg2 32. Rh1 Bc8 33. Ra8 Kd8 34. Raa1 Rb7 35. Rag1 Rxg1 36. Rxg1 Rc7 37. Kd2 Ke7 38. Rg8 Bb7 39. Rh8 Bc8 40. Rxh6 Ra7 41. Rh8 Ra2+ 42. Ke3 Bb7 43. Rb8 Ba8 44. h6 Rc2 45. h7 Rxc3+ 46. Kd2 Rh3 47. h8=Q 1-0


[Site "https://www.chess.com"]

[Event "Titled Tuesday Blitz May 24 Late 2022"]
[White "Zhurbinsky, David"]
[Black "Ivanisevic, Ivan"]
[WhiteFideId "2072904"]
[BlackFideId "912417"]
[WhiteElo "2569"]
[BlackElo "2695"]
[Result "0-1"]
[Round "04"]
[TimeControl "180+1"]
[Date "2022.05.25"]
[WhiteClock "0:00:08"]
[BlackClock "0:00:23"]

1. e4 c5 2. Nf3 d6 3. c4 e5 4. Nc3 Nc6 5. Be2 Be7 6. O-O f5 7. a3 a5 8. d3 Nf6 9. Rb1 O-O 10. Bg5 fxe4 11. dxe4 Be6 12. Bxf6 Bxf6 13. Nb5 Nd4 14. Nfxd4 cxd4 15. Kh1 Bg5 16. b3 Rf6 17. Bg4 Bf7 18. Bf5 g6 19. Bg4 h5 20. Be2 Be6 21. Qd3 Rc8 22. Rb2 Qe7 23. a4 Rcf8 24. Bd1 Kh7 25. b4 axb4 26. a5 Be3 27. Bf3 Rxf3 28. gxf3 Bf4 29. Rg1 Bxh2 30. Rg2 Bf4 31. Kg1 h4 32. Kf1 Bh3 33. Kg1 Bxg2 34. Kxg2 h3+ 35. Kh1 Kg7 36. Rxb4 Rh8 37. Rb1 h2 38. Na3 Rh5 39. Nc2 Kh6 40. Ne1 Qh4 41. Ng2 Qxf2 42. Nxf4 exf4 43. c5 Rg5 44. Qf1 Rg1+ 45. Qxg1 hxg1=Q+ 46. Rxg1 Qxf3+ 47. Rg2 dxc5 48. Kh2 Qxe4 49. a6 bxa6 50. Rf2 f3 51. Kh3 Qf5+ 52. Kg3 g5 53. Kh2 Qf4+ 54. Kh3 Qh4# 0-1


[Site "https://www.chess.com"]

[Event "Titled Tuesday Blitz May 24 Late 2022"]
[White "Ansh M Shah"]
[Black "Colivet Gamboa, Julio Cesar"]
[WhiteFideId "25033379"]
[BlackFideId "3949583"]
[WhiteElo "1819"]
[BlackElo "1743"]
[Result "1-0"]
[Round "05"]
[TimeControl "180+1"]
[Date "2022.05.25"]
[WhiteClock "0:00:21"]
[BlackClock "0:00:27"]

1. d4 Nf6 2. c4 e6 3. Nf3 d5 4. g3 c5 5. Bg2 Nc6 6. O-O dxc4 7. dxc5 Qxd1 8. Rxd1 Bxc5 9. Nbd2 O-O 10. Nxc4 a6 11. Be3 Bxe3 12. Nxe3 Rb8 13. Rac1 h6 14. Nd4 Nxd4 15. Rxd4 b5 16. Rd6 a5 17. a3 Bb7 18. b4 Bxg2 19. Kxg2 axb4 20. axb4 Rfd8 21. Rxd8+ Rxd8 22. Rc5 Rd2 23. Kf3 Rd4 24. Rxb5 Ne4 25. Rb8+ Kh7 26. b5 Rb4 27. b6 Nc5 28. h4 Nd7 29. Rb7 Ne5+ 30. Kg2 Kg6 31. Nc2 Rb2 32. Nd4 Nc4 33. Nf3 Rxb6 34. Ne5+ Kf6 35. Nd7+ Kf5 36. Nxb6 1-0


[Site "https://www.chess.com"]

[Event "Titled Tuesday Blitz May 24 Late 2022"]
[White "Aung Thant Zin"]
[Black "Estrada Nieto, Julian"]
[WhiteFideId "13000063"]
[BlackFideId "5101018"]
[WhiteElo "2278"]
[BlackElo "2252"]
[Result "1-0"]
[Round "05"]
[TimeControl "180+1"]
[Date "2022.05.25"]
[WhiteClock "0:01:02"]
[BlackClock "0:00:12"]

1. e4 e5 2. Nf3 Nc6 3. d4 exd4 4. Nxd4 Nf6 5. Nc3 Bb4 6. Nxc6 bxc6 7. Bd3 d5 8. exd5 O-O 9. O-O cxd5 10. Bg5 c6 11. h3 Bd6 12. Qf3 Rb8 13. b3 Be5 14. Bd2 Re8 15. Rfe1 Bd7 16. Rad1 h6 17. Na4 Bd6 18. Rxe8+ Qxe8 19. Re1 Qd8 20. Bc3 Be6 21. Bd4 Ra8 22. Nc5 Qa5 23. Qe3 Bxc5 24. Bxc5 Bd7 25. Rd1 Re8 26. Qd4 Ne4 27. b4 Qxa2 28. Ra1 Nxc5 29. Rxa2 Re1+ 30. Kh2 Ne6 31. Qxa7 Be8 32. Qb8 Ng5 33. c3 g6 34. Re2 Rxe2 35. Bxe2 Kf8 36. Qd8 Ne6 37. Qd6+ Kg7 38. Bg4 1-0


[Site "https://www.chess.com"]

[Event "Titled Tuesday Blitz May 24 Late 2022"]
[White "Avramidou, Anastasia"]
[Black "Tanenbaum, Zachary"]
[WhiteFideId "4239873"]
[BlackFideId "2060850"]
[WhiteElo "2183"]
[BlackElo "2168"]
[Result "1/2-1/2"]
[Round "05"]
[TimeControl "180+1"]
[Date "2022.05.25"]
[WhiteClock "0:00:03"]
[BlackClock "0:00:05"]

1. c4 e5 2. Nc3 Nf6 3. g3 Nc6 4. Bg2 Bc5 5. Nf3 d6 6. O-O O-O 7. Rb1 Bf5 8. d3 h6 9. a3 a6 10. b4 Ba7 11. e4 Bg4 12. h3 Bxf3 13. Bxf3 Nd4 14. Bg2 Nd7 15. Kh1 c6 16. f4 exf4 17. gxf4 f5 18. Be3 fxe4 19. dxe4 Nf5 20. Bxa7 Ng3+ 21. Kg1 Nxf1 22. Bf2 Rxf4 23. Bxf1 Qg5+ 24. Bg2 Rxf2 25. Kxf2 Rf8+ 26. Kg1 Qe3+ 27. Kh1 Qxc3 28. Qxd6 Ne5 29. c5 Rf2 30. Rf1 Rxf1+ 31. Bxf1 Qg3 32. Bg2 Qe1+ 33. Kh2 Qc3 34. Qe6+ Kh8 35. Qe8+ Kh7 36. Qf8 Ng6 37. Qf5 Qe5+ 38. Qxe5 Nxe5 39. Bf1 Kg6 40. Kg3 Kf6 41. Kf4 g5+ 42. Ke3 h5 43. Be2 Kg6 44. a4 g4 45. hxg4 Nxg4+ 46. Kf4 Nf6 47. Bd3 Kf7 48. Kf5 h4 49. Bf1 Nh5 50. Kg4 Ng3 51. Bd3 Kf6 52. Kxh4 Nxe4 53. Bxe4 Ke5 54. Bf3 Kd4 55. Be2 Kc3 56. b5 axb5 57. axb5 Kb4 58. bxc6 bxc6 59. Bf3 Kxc5 60. Bxc6 1/2-1/2


[Site "https://www.chess.com"]

[Event "Titled Tuesday Blitz May 24 Late 2022"]
[White "Bernal Moro, Luis Javier"]
[Black "Kruckenhauser, Arthur"]
[WhiteFideId "2200236"]
[BlackFideId "1642812"]
[WhiteElo "2373"]
[BlackElo "2243"]
[Result "0-1"]
[Round "05"]
[TimeControl "180+1"]
[Date "2022.05.25"]
[WhiteClock "0:00:35"]
[BlackClock "0:00:33"]

1. c4 c5 2. Nf3 Nf6 3. Nc3 e6 4. e3 d5 5. cxd5 exd5 6. d4 Nc6 7. Bb5 cxd4 8. exd4 Bd6 9. h3 O-O 10. O-O Re8 11. Bg5 Be6 12. Re1 h6 13. Bh4 g5 14. Bg3 Bxg3 15. fxg3 a6 16. Bxc6 bxc6 17. Ne5 Nd7 18. Nxc6 Qb6 19. Ne5 Qxb2 20. Na4 Qa3 21. Nxd7 Bxd7 22. Nc5 Bb5 23. Qb3 Qa5 24. Rxe8+ Rxe8 25. Qf3 Qd2 26. Rd1 Qxa2 27. Qxd5 Qxd5 0-1


[Site "https://www.chess.com"]

[Event "Titled Tuesday Blitz May 24 Late 2022"]
[White "Boder, Jan"]
[Black "Araujo Sanchez, Josue"]
[WhiteFideId "16243226"]
[BlackFideId "6416896"]
[WhiteElo "2064"]
[BlackElo "2339"]
[Result "0-1"]
[Round "05"]
[TimeControl "180+1"]
[Date "2022.05.25"]
[WhiteClock "0:00:01"]
[BlackClock "0:01:37"]

1. c4 g6 2. g3 Bg7 3. Bg2 Nf6 4. Nc3 O-O 5. e4 c5 6. Nge2 Nc6 7. O-O d6 8. d3 Ne8 9. Be3 Nc7 10. d4 cxd4 11. Nxd4 Ne6 12. Nde2 Nc5 13. Rb1 Bg4 14. f3 Be6 15. b4 Nd7 16. Nd5 Nce5 17. Qb3 Nb6 18. Rfc1 Rc8 19. Bxb6 axb6 20. f4 Nc6 21. Qe3 Ra8 22. a3 Bg4 23. Bf3 Bxf3 24. Qxf3 e6 25. Ndc3 Rxa3 26. Qf2 h5 27. Nb5 Ra2 28. Rd1 e5 0-1


[Site "https://www.chess.com"]